 Dungeon Crawl Stone Soup version 0.29-a0-1019-g84f7d21838 (webtiles) character file.

Game seed: 14218251605775331

2989 wilfster70 the Protected (level 9, -11/68 HPs)
             Began as a Gnoll Wanderer on Aug 10, 2022.
             Was a Follower of Ashenzari.
             Killed from afar by an efreet (28 damage)
             ... with a bolt of fire
             ... on level 8 of the Dungeon.
             The game lasted 00:17:19 (9491 turns).

wilfster70 the Protected (Gnoll Wanderer)           Turns: 9491, Time: 00:17:20

Health: -11/68     AC: 10    Str: 15    XL:     9   Next: 83%
Magic:  0/16       EV: 13    Int: 15    God:    Ashenzari [*.....]
Gold:   218        SH:  5    Dex: 15    Spells: 12/17 levels left

rFire   x . .      SeeInvis .   a - +10 trident of Ynyguwke {flame, rF- Will+ Stlth+}
rCold   . . .      Faith    .   f - +0 buckler
rNeg    . . .      Spirit   +   r - +1 leather armour "Beohot" {rElec}
rPois   .          Reflect  .   h - +1 helmet "Esoteric Disappointment" {Cun, Evo} (curse)
rElec   +          Harm     .   i - +1 cloak of the Clairvoyant Sun {Range, Elem} (curse)
rCorr   .          Rampage  .   (no gloves)
Will    +....                   (no boots)
Stlth   ++++......              z - amulet of guardian spirit
HPRegen 0.21/turn               w - +6 ring of strength
MPRegen 0.15/turn               (no ring)

@: no status effects
A: fangs 1, strong nose, distributed training
a: Renounce Religion, Shatter the Chains


You were on level 8 of the Dungeon.
You worshipped Ashenzari.
Ashenzari was aware of your devotion.
You visited 2 branches of the dungeon, and saw 9 of its levels.

You collected 421 gold pieces.
You spent 203 gold pieces at shops.

Inventory:

Hand Weapons
 a - the +10 trident of Ynyguwke (weapon) {flame, rF- Will+ Stlth+}
   (You found it on level 5 of the Dungeon)

   It burns those it strikes, dealing additional fire damage.
   rF:        It makes you vulnerable to fire.
   Will:      It increases your willpower.
   Stlth:     It makes you more stealthy.
 b - a +0 sling
 x - a +2 dagger of venom
Missiles
 m - 4 silver javelins
Armour
 f - a +0 buckler (worn)
 h - the cursed +1 helmet "Esoteric Disappointment" (worn) {Cun, Evo}
   (You found it on level 1 of the Dungeon)

   It has a curse which improves the following skills: Cunning: Dodging and
   Stealth.
   Evocations: Evocations.
 i - the cursed +1 cloak of the Clairvoyant Sun (worn) {Range, Elem}
   (You found it on level 4 of the Dungeon)

   It has a curse which improves the following skills: Ranged Combat: Ranged
   Weapons and Throwing.
   Elements:  Fire Magic, Ice Magic, Air Magic and Earth Magic.
 r - the +1 leather armour "Beohot" (worn) {rElec}
   (You bought it in a shop on level 5 of the Dungeon)

   rElec:     It insulates you from electricity.
Jewellery
 w - a +6 ring of strength (left hand)
 z - an amulet of guardian spirit (around neck)
 A - a ring of wizardry
Wands
 l - a wand of acid (7)
 v - a wand of roots (11)
Scrolls
 c - 3 scrolls of teleportation
 p - a scroll of blinking
 s - a scroll of enchant weapon
 u - a scroll of amnesia
Potions
 d - 3 potions of curing
 e - a potion of magic
 g - 2 potions of haste
 j - 2 potions of lignification
 k - a potion of resistance
 n - 3 potions of brilliance
 o - a potion of flight
 q - a potion of ambrosia
 t - 2 potions of heal wounds
 y - a potion of mutation


   Skills:
 + Level 5.5 Fighting
 + Level 4.8 Short Blades
 + Level 9.8 Long Blades
 + Level 4.8 Axes
 + Level 4.8 Maces & Flails
 + Level 4.8 Polearms
 + Level 4.8 Staves
 + Level 4.8(5.6) Ranged Weapons
 + Level 4.8(5.6) Throwing
 + Level 9.8 Armour
 + Level 4.8(5.6) Dodging
 + Level 4.8(5.6) Stealth
 + Level 4.8 Shields
 + Level 4.8 Unarmed Combat
 + Level 4.8 Spellcasting
 + Level 4.0 Conjurations
 + Level 4.0 Hexes
 + Level 4.0 Summonings
 + Level 4.0 Necromancy
 + Level 4.0 Translocations
 + Level 4.0 Transmutations
 + Level 4.0(4.7) Fire Magic
 + Level 4.0(4.7) Ice Magic
 + Level 4.0(4.7) Air Magic
 + Level 4.0(4.7) Earth Magic
 + Level 4.0 Poison Magic
 + Level 5.3 Invocations
 + Level 5.5(6.3) Evocations


You had 12 spell levels left.
You knew the following spells:

 Your Spells              Type           Power      Damage    Failure   Level
a - Borgnjor's Vile Clut  Necr/Erth      8%         N/A       75%         5

Your spell library contained the following spells:

 Spells                   Type           Power      Damage    Failure   Level
 Magic Dart               Conj           60%        1d6       4%          1
 Ensorcelled Hibernation  Hex/Ice        32%        N/A       6%          2
 Passwall                 Tmut/Erth      13%        N/A       6%          2
 Static Discharge         Conj/Air       16%        3-5/arc   6%          2
 Searing Ray              Conj           30%        2d5       8%          2
 Sublimation of Blood     Necr           15%        N/A       8%          2
 Wereblood                Tmut           15%        N/A       8%          2
 Frozen Ramparts          Ice            34%        1d6       11%         3
 Swiftness                Air            17%        N/A       11%         3
 Ice Form                 Ice/Tmut       16%        N/A       38%         4
 Summon Ice Beast         Ice/Summ       16%        N/A       38%         4
 Animate Dead             Necr           15%        N/A       43%         4
 Fulminant Prism          Conj/Hex       7%         3d7       43%         4
 Lightning Bolt           Conj/Air       8%         1d20      75%         5
 Death Channel            Necr           7%         N/A       100%        6
 Summon Hydra             Summ           7%         N/A       100%        7
 Maxwell's Capacitive Co  Air            8%         ∞         100%        8


Dungeon Overview and Level Annotations

Branches:
Dungeon (8/15)             Temple (1/1) D:5
   Lair: D:8-11

Altars:
Ashenzari
Cheibriados
Dithmenos
Elyvilon
Gozag
Hepliaklqana
Kikubaaqudgha
Makhleb
Nemelex Xobeh
Okawaru
Qazlal
Ru
Sif Muna
Trog
Uskayaw
Vehumet
Wu Jian
Xom
Yredelemnul
Zin
The Shining One

Shops:
D:5 *


Innate Abilities, Weirdness & Mutations

You have very sharp teeth.
Your uncanny sense of smell can sniff out nearby items.
Your experience applies equally to all skills.


Message History

The kobold brigand misses you.
You barely miss the kobold brigand.
The kobold brigand is heavily wounded.
You block the kobold brigand's attack.
You puncture the kobold brigand! You burn the kobold brigand.
You kill the kobold brigand!
The wyvern hisses menacingly.
The wyvern bites you but does no damage.
You puncture the wyvern! You burn the wyvern.
The wyvern is heavily wounded.
The wyvern bites you!
The wyvern bites you but does no damage.
You puncture the wyvern! You burn the wyvern.
The wyvern is almost dead.
The wyvern bites you but does no damage.
You closely miss the wyvern. Your bite misses the wyvern.
The wyvern is almost dead.
The wyvern barely misses you. x2
You puncture the wyvern! You burn the wyvern.
You kill the wyvern!
The efreet gestures at you. The bolt of fire hits you!!!
The fire burns you terribly!
* * * LOW HITPOINT WARNING * * *
The tree burns like a torch!
Your Conjurations skill increases to level 4!
Your Hexes skill increases to level 4!
Your Summonings skill increases to level 4!
Your Necromancy skill increases to level 4!
Your Translocations skill increases to level 4!
Your Transmutations skill increases to level 4!
Your Fire Magic skill increases to level 4!
Your Ice Magic skill increases to level 4!
Your Air Magic skill increases to level 4!
Your Earth Magic skill increases to level 4!
Your Poison Magic skill increases to level 4!
You puncture the efreet!
The efreet is moderately wounded.
The efreet gestures at you. The bolt of fire hits you!!
The fire burns you terribly!
You die...

♣.# ♣.#
♣.# ♣.♣
... #
♣○♣ #.
♣R# #.
♣@#
.♣♣♣)#
♣.♣)§#
♣.♣)♣#
♣.♣♣
♣.♣
♣♣.♣♣
#♣...♣#
∆ ∆
#.....#
∆


You could see an efreet.

Vanquished Creatures
  Sigmund (D:3)
  A wyvern (D:8)
  2 water moccasins
  Duvessa (D:4)
  An ice beast (D:6)
  A sky beast (D:7)
  3 black bears
  An orc warrior (D:8)
  3 ogres
  A centaur (D:7)
  2 phantoms
  3 kobold brigands
  2 bullfrogs
  3 scorpions (D:5)
  Dowan (D:4)
  A hound (D:4)
  3 orc priests
  A gnoll bouda (D:7)
  Crazy Yiuf (D:4)
  3 iron imps (D:3)
  7 iguanas
  4 orc wizards
  5 adders
  4 gnolls (D:7)
  2 white imps
  4 worms
  4 dart slugs
  24 orcs
  13 ball pythons
  5 endoplasms
  5 giant cockroaches
  5 goblins
  7 hobgoblins
  4 jackals
  8 quokkas
  3 bats
  2 frilled lizards (D:2)
  19 kobolds
  7 rats
167 creatures vanquished.

Vanquished Creatures (others)
  3 plants
3 creatures vanquished.

Grand Total: 170 creatures vanquished

Notes
Turn   | Place    | Note
-------+----------+-------------------------------------------
     0 | D:1      | wilfster70 the Gnoll Wanderer began the quest for the Orb.
     0 | D:1      | wilfster70 set off with the following items: a +0 falchion,
                  | a +0 chain mail, a scroll of teleportation, a potion of
                  | curing.
     0 | D:1      | Reached XP level 1. HP: 17/17 MP: 1/1
   196 | D:1      | Reached XP level 2. HP: 18/23 MP: 2/2
   554 | D:1      | Reached XP level 3. HP: 17/28 MP: 3/3
   777 | D:1      | Reached skill level 1 in Invocations
  1176 | D:1      | Found a faded altar of an unknown god.
  1462 | D:2      | Reached skill level 1 in Short Blades
  1462 | D:2      | Reached skill level 1 in Axes
  1462 | D:2      | Reached skill level 1 in Maces & Flails
  1462 | D:2      | Reached skill level 1 in Polearms
  1462 | D:2      | Reached skill level 1 in Staves
  1462 | D:2      | Reached skill level 1 in Ranged Weapons
  1462 | D:2      | Reached skill level 1 in Throwing
  1462 | D:2      | Reached skill level 1 in Dodging
  1462 | D:2      | Reached skill level 1 in Stealth
  1462 | D:2      | Reached skill level 1 in Shields
  1462 | D:2      | Reached skill level 1 in Unarmed Combat
  1462 | D:2      | Reached skill level 1 in Spellcasting
  1483 | D:2      | Found a shimmering blue altar of Sif Muna.
  2130 | D:3      | Reached XP level 4. HP: 32/34 MP: 5/5
  2927 | D:3      | Noticed Sigmund
  2952 | D:3      | Killed Sigmund
  2953 | D:3      | Reached skill level 1 in Conjurations
  2953 | D:3      | Reached skill level 1 in Hexes
  2953 | D:3      | Reached skill level 1 in Summonings
  2953 | D:3      | Reached skill level 1 in Necromancy
  2953 | D:3      | Reached skill level 1 in Translocations
  2953 | D:3      | Reached skill level 1 in Transmutations
  2953 | D:3      | Reached skill level 1 in Fire Magic
  2953 | D:3      | Reached skill level 1 in Ice Magic
  2953 | D:3      | Reached skill level 1 in Air Magic
  2953 | D:3      | Reached skill level 1 in Earth Magic
  2953 | D:3      | Reached skill level 1 in Poison Magic
  2953 | D:3      | Reached XP level 5. HP: 30/41 MP: 5/7
  2953 | D:3      | Reached XP level 6. HP: 34/47 MP: 5/8
  3396 | D:3      | Found a basalt altar of Yredelemnul.
  3408 | D:3      | Found a burning altar of Makhleb.
  4179 | D:4      | Noticed a black bear
  4205 | D:4      | Killed a black bear
  4206 | D:4      | Reached XP level 7. HP: 42/52 MP: 10/10
  4842 | D:4      | Noticed Duvessa
  4861 | D:4      | Noticed Dowan
  4902 | D:4      | Killed Duvessa
  4965 | D:4      | Killed Dowan
  5088 | D:4      | Found a runed translucent door.
  5089 | D:4      | Noticed Crazy Yiuf
  5098 | D:4      | Killed Crazy Yiuf
  5099 | D:4      | Reached XP level 8. HP: 31/60 MP: 12/12
  5334 | D:4      | Found a bloodstained altar of Trog.
  5492 | D:5      | Entered Level 5 of the Dungeon
  5513 | D:5      | Found Vic Jeru's Assorted Antiques.
  6058 | D:5      | Identified the +10 trident of Ynyguwke {flame, rF- Will+
                  | Stlth+}
  6667 | D:5      | Found a staircase to the Ecumenical Temple.
  6673 | Temple   | Entered the Ecumenical Temple
  6680 | Temple   | Became a worshipper of Ashenzari the Shackled
  6901 | D:6      | Found a glowing golden altar of the Shining One.
  7257 | D:6      | Found a shimmering altar of Xom.
  7262 | D:6      | Found a white marble altar of Elyvilon.
  7264 | D:6      | Found a shadowy altar of Dithmenos.
  7267 | D:6      | Found a sparkling altar of Nemelex Xobeh.
  7268 | D:6      | Found a radiant altar of Vehumet.
  7272 | D:6      | Found an ornate altar of the Wu Jian Council.
  7275 | D:6      | Found a hide-covered altar of Uskayaw.
  7544 | D:6      | Reached XP level 9. HP: 67/67 MP: 13/15
  7900 | D:7      | Reached skill level 5 in Fighting
  7900 | D:7      | Reached skill level 5 in Evocations
  7902 | D:7      | Reached * piety under Ashenzari
  8209 | D:5      | Bought a buzzing leather armour for 203 gold pieces
  8209 | D:5      | Identified the +1 leather armour "Beohot" {rElec} (You
                  | bought it in a shop on level 5 of the Dungeon)
  8844 | D:7      | Reached ** piety under Ashenzari
  8857 | D:7      | Learned a level 5 spell: Borgnjor's Vile Clutch
  8991 | D:7      | Reached skill level 5 in Invocations
  9481 | D:8      | Noticed an efreet
  9491 | D:8      | Killed from afar by an efreet

Illustrated notes

Levels and vault maps discovered:
D:1:      denvon_arrival_waterhouse, layout_basic,
          dreamdust_ecumenical_altar_hidden_monk_grotto, kennysheep_doodads
D:2:      layout_basic, basic_altar
D:3:      layout_basic, yredelemnul_altar_generic, demons_altar,
          hangedman_abyss_or_decor_stabs, nicolae_hexahallways, uniq_sigmund
D:4:      layout_rooms, trog_butcher_becter, uniq_duvessa,
          uniq_crazy_yiuf_cottage
D:5:      layout_loops_ring, minmay_temple_entry_enclosed_plants, serial_shops,
          nicolae_shop_overgrown_old_shop
D:6:      layout_cave_pods, nicolae_overflow_hallway_of_the_gods, minivault_25,
          hangedman_abyss_or_decor_lesser_grid
D:7:      layout_loops_corners, kennysheep_decorative_pillar,
          minmay_fractal_squares_5
D:8:      nzn_winding_woodlands_large [nzn_winding_woodlands_5x5_default,
          nzn_winding_woodlands_5x15_eye, nzn_winding_woodlands_5x5_open_star,
          nzn_winding_woodlands_center_lodge,
          nzn_winding_woodlands_15x15_eel_pit,
          nzn_winding_woodlands_center_pierced_h,
          nzn_winding_woodlands_5x5_checkerboard,
          nzn_winding_woodlands_5x15_garden, nzn_winding_woodlands_5x5_default],
          layout_basic, enter_ossuary_4, enter_bailey_3,
          nicolae_kite_square_tiling_tiny, minivault_21
Temple:   hellmonk_temple_micro_hex

Skill      XL: |  1  2  3  4  5  6  7  8  9 |
---------------+----------------------------+-----
Invocations    | 1 2 3 4 5 |  5.3
Short Blades   | 1 2 3 4 |  4.8
Axes           | 1 2 3 4 |  4.8
Maces & Flails | 1 2 3 4 |  4.8
Polearms       | 1 2 3 4 |  4.8
Staves         | 1 2 3 4 |  4.8
Ranged Weapons | 1 2 3 4 |  4.8
Throwing       | 1 2 3 4 |  4.8
Dodging        | 1 2 3 4 |  4.8
Stealth        | 1 2 3 4 |  4.8
Shields        | 1 2 3 4 |  4.8
Unarmed Combat | 1 2 3 4 |  4.8
Spellcasting   | 1 2 3 4 |  4.8
Fighting       | 3 4 5 |  5.5
Conjurations   | 1 2 3 4 |  4.0
Hexes          | 1 2 3 4 |  4.0
Summonings     | 1 2 3 4 |  4.0
Necromancy     | 1 2 3 4 |  4.0
Translocations | 1 2 3 4 |  4.0
Transmutations | 1 2 3 4 |  4.0
Fire Magic     | 1 2 3 4 |  4.0
Ice Magic      | 1 2 3 4 |  4.0
Air Magic      | 1 2 3 4 |  4.0
Earth Magic    | 1 2 3 4 |  4.0
Poison Magic   | 1 2 3 4 |  4.0
Evocations     | 3 4 5 |  5.5
Long Blades    | 9 |  9.8
Armour         | 9 |  9.8

Action                   |  1- 3 |  4- 6 |  7- 9 || total
-------------------------+-------+-------+-------++-------
Melee: Falchion          |   162 |     7 |       ||   169
       Bite              |    14 |    21 |    38 ||    73
       Dagger            |       |   103 |   146 ||   249
       Trident           |       |       |   220 ||   220
 Fire: Sling             |       |     3 |       ||     3
Invok: Curse Item        |       |       |     3 ||     3
       Shatter the Chain |       |       |     1 ||     1
  Use: Scroll            |       |     7 |    10 ||    17
       Potion            |       |       |     4 ||     4
 Stab: Sleeping          |       |       |     1 ||     1
Armor: Chain mail        |    98 |    89 |   162 ||   349
       Leather armour    |       |       |    17 ||    17
Dodge: Dodged            |    34 |    19 |    81 ||   134
Block: Buckler           |    27 |    25 |    60 ||   112

Table legend: (Time is in decaauts)
 A = Elapsed time spent in this place.
 B = Non-inter-level travel time spent in this place.
 C = Inter-level travel time spent in this place.
 D = Time resting spent in this place.
 E = Time spent auto-exploring this place.
 F = Levels seen in this place.
 G = Mean time per level.
                   A        B        C        D        E       F      G
               +--------+--------+--------+--------+--------+-----+--------+
         Total |   9492 |   9234 |    258 |   2666 |   4138 |   9 | 1054.7 |
       Dungeon |   9479 |   9226 |    253 |   2666 |   4138 |   8 | 1184.9 |
        Temple |     12 |      7 |      5 |      0 |      0 |   1 |   12.0 |
               +--------+--------+--------+--------+--------+-----+--------+

Top non-repeatable levels by time:
     D:3: 1934 daAuts
     D:7: 1480 daAuts
     D:4: 1436 daAuts
     D:5: 1322 daAuts
     D:1: 1271 daAuts
     D:6: 1048 daAuts
     D:2: 825 daAuts
     D:8: 160 daAuts
  Temple: 12 daAuts
